 Dungeon Crawl Stone Soup version 0.17-a0-1708-gbd78d88 (console) character file.

1075 Monkaria the Unseen (level 8, -1/34 HPs)
             Began as a Felid Berserker on Aug 21, 2015.
             Was a Priest of Trog.
             Slain by a killer bee (6 damage)
             ... on level 7 of the Dungeon.
             The game lasted 00:10:27 (6177 turns).

Monkaria the Unseen (Felid Berserker)               Turns: 6177, Time: 00:10:27

Health: -1/34      AC:  2    Str: 15    XL:     8   Next: 8%
Magic:  0/9        EV: 19    Int:  9    God:    Trog [***...]
Gold:   220        SH:  0    Dex: 15    Spells: 0 memorised, 7 levels left
                                        Lives:  0   Deaths: 2

rFire  + . .     SeeInvis +       - Unarmed
rCold  . . .     Clarity  .     (armour unavailable)
rNeg   + . .     SustAt   .     (shield unavailable)
rPois  .         Gourm    .     (helmet unavailable)
rElec  .         Spirit   +     (cloak unavailable)
rCorr  .         Warding  .     (gloves unavailable)
rMut   .         Stasis   .     (boots unavailable)
MR     +++..                    m - amulet of guardian spirit
Stlth  +++++++...               o - ring of protection from fire
                                D - ring of positive energy

@: lethally poisoned (-1 -> -2), exhausted, regenerating, slowed, slow,
extremely resistant to hostile enchantments, extremely stealthy
A: no armour, no weapons or thrown items, claws 1, fangs 3, see invisible,
carnivore 3, speed 1, shaggy fur 2, slow metabolism 1, sharp paws
a: Burn Spellbooks, Berserk, Trog's Hand, Renounce Religion


You were on level 7 of the Dungeon.
You worshipped Trog.
Trog was most pleased with you.
You were near starving.

You visited 2 branches of the dungeon, and saw 8 of its levels.

You collected 370 gold pieces.
You spent 150 gold pieces at shops.

Inventory:

Jewellery
 m - an amulet of guardian spirit (around neck)
 n - an uncursed amulet of resist corrosion
 o - a ring of protection from fire (right paw)
 y - an uncursed ring of protection from magic
 z - an uncursed amulet of stasis
 B - an uncursed ring of protection from magic
 D - a ring of positive energy (left paw)
Magical devices
 t - a wand of draining (11)
 x - a wand of frost (18)
Scrolls
 j - a scroll of vulnerability {unknown}
 q - 2 scrolls of magic mapping
 u - a scroll of blinking
 v - a scroll of fog
 w - 3 scrolls of remove curse
Potions
 b - 3 potions of curing
 c - a potion of magic
 d - a potion of heal wounds
 e - a potion of flight {unknown}
 f - a potion of agility
 h - 2 potions of might
 i - 2 potions of lignification
 k - a potion of cancellation
 l - a potion of poison {unknown}
 A - 2 potions of brilliance
Comestibles
 a - 5 meat rations
 g - a royal jelly
 p - 2 beef jerkies
 r - 2 slices of pizza


   Skills:
 - Level 3.0 Fighting
 - Level 4.0 Dodging
 + Level 15.3 Stealth
 - Level 4.1 Unarmed Combat


You had 7 spell levels left.
You didn't know any spells.

Dungeon Overview and Level Annotations

Branches:
Dungeon (7/15)             Temple (1/1) D:6

Altars:
Cheibriados
Dithmenos
Elyvilon
Fedhas
Gozag
Kikubaaqudgha
Makhleb
Nemelex Xobeh
Okawaru
Qazlal
Ru
Sif Muna
Trog
Vehumet
Xom
Yredelemnul
Zin
The Shining One

Shops:
D:4 *

Annotations:
D:7 Dowan


Innate Abilities, Weirdness & Mutations

You cannot wear armour.
You are incapable of wielding weapons or throwing items.
You have sharp claws.
You have razor-sharp teeth.
You have supernaturally acute eyesight.
You are carnivorous and can eat meat at any time.
You cover ground quickly.
You are covered in thick fur (AC +2).
You have a slow metabolism.
Your sharp claws are effective at attacking unaware monsters.


Message History

The killer bee stings you.
You are more poisoned.
The killer bee poisons you!
You miss the killer bee.
The killer bee is lightly wounded.
You feel sick. The killer bee misses you. The killer bee closely misses you.
You miss the killer bee.
The killer bee is lightly wounded.
You feel sick. The killer bee stings you! The killer bee barely misses you.
The killer bee closely misses you.
You scratch the killer bee.
The killer bee is moderately wounded.
You feel sick. The killer bee barely misses you.
The killer bee closely misses you.
You scratch the killer bee. Your bite misses the killer bee.
The killer bee is heavily wounded.
You feel sick. The killer bee stings you!
* * * LOW HITPOINT WARNING * * *
The killer bee barely misses you. The killer bee stings you.
You die...

### #.### #.... #.###
####################.#
....5yy@.............#
.#######################
#.... ##'### #|....
#..... #..... #.....
#.....


You could see 2 killer bees and a shadow imp.

Vanquished Creatures
  Sigmund (D:4)
  Menkaure (D:7)
  Edmund (D:4)
  Duvessa (D:7)
  An ice beast (D:6)
  A water moccasin (D:7)
  A sky beast (D:5)
  A necrophage (D:5)
  2 ogres
  A wasp (D:7)
  A centaur (D:7)
  A big kobold (D:7)
  A wyvern zombie (D:6)
  A scorpion (D:6)
  3 killer bees (D:7)
  An orc wizard (D:4)
  The ghost of Monkaria the Scratcher, a weakling FeCK of Xom (D:3)
  A giant frog skeleton (D:6)
  A gnoll shaman (D:4)
  2 orc priests
  A jelly (D:6)
  2 hounds
  An iguana (D:4)
  5 worker ants
  A hound skeleton (D:6)
  4 gnolls
  4 adders
  2 shadow imps
  2 oozes
  5 worms
  4 giant geckos
  11 orcs
  5 giant cockroaches
  9 hobgoblins
  7 jackals
  4 ball pythons
  6 bats
  A giant gecko zombie (D:6)
  5 giant newts
  4 goblins
  6 kobolds
  4 quokkas
  A quokka zombie (D:3)
  10 rats
128 creatures vanquished.

Notes
Turn   | Place    | Note
--------------------------------------------------------------
     0 | D:1      | Monkaria the Felid Berserker began the quest for the Orb.
     0 | D:1      | Reached XP level 1. HP: 10/10 MP: 2/2
   205 | D:1      | Reached XP level 2. HP: 14/14 MP: 3/3
   615 | D:1      | Acquired Trog's second power
   965 | D:2      | Found a glowing silver altar of Zin.
   967 | D:2      | Found a burning altar of Makhleb.
   970 | D:2      | Found a basalt altar of Yredelemnul.
  1009 | D:2      | Reached XP level 3. HP: 14/17 MP: 1/4
  1031 | D:2      | Reached skill level 1 in Stealth
  1919 | D:3      | Noticed Monkaria's ghost (weakling FeCK)
  1963 | D:3      | Killed Monkaria's ghost
  1963 | D:3      | Reached XP level 4. HP: 2/21 MP: 0/5
  2078 | D:3      | Found a faded altar to an unknown god.
  2383 | D:4      | Reached skill level 5 in Stealth
  2385 | D:4      | Reached XP level 5. HP: 19/24 MP: 4/6
  2514 | D:4      | Reached skill level 6 in Stealth
  2709 | D:4      | Found Neg Oposh's General Store.
  2784 | D:4      | Bought a scroll of identify for 20 gold pieces
  2784 | D:4      | Bought a scroll of blinking for 75 gold pieces
  2784 | D:4      | Bought a scroll of fog for 20 gold pieces
  2784 | D:4      | Bought a scroll of magic mapping for 35 gold pieces
  2838 | D:4      | Noticed Sigmund
  2852 | D:4      | Killed Sigmund
  2852 | D:4      | Reached skill level 8 in Stealth
  2852 | D:4      | Gained mutation: You are covered in thick fur (AC +2). [Felid growth]
  2852 | D:4      | Reached XP level 6. HP: 28/28 MP: 5/7
  2872 | D:4      | Noticed Edmund
  2875 | D:4      | Killed Edmund
  2875 | D:4      | Reached skill level 9 in Stealth
  3097 | D:4      | Reached XP level 7. HP: 31/31 MP: 8/8
  3184 | D:4      | Found a stormy altar of Qazlal.
  3195 | D:4      | Reached skill level 10 in Stealth
  3335 | D:4      | Found a deep blue altar of Sif Muna.
  3554 | D:5      | Entered Level 5 of the Dungeon
  3634 | D:5      | Found a shadowy altar of Dithmenos.
  3674 | D:5      | Reached skill level 11 in Stealth
  4547 | D:6      | Reached skill level 12 in Stealth
  4617 | D:6      | Reached XP level 8. HP: 31/34 MP: 7/9
  4683 | D:6      | Found an ancient bone altar of Kikubaaqudgha.
  4891 | D:6      | Reached skill level 13 in Stealth
  4949 | D:6      | HP: 1/34 [wyvern zombie (7)]
  4951 | D:6      | Slain by a wyvern zombie
  4952 | D:6      | Reached XP level 7. HP: -3/31 MP: 0/8
  5255 | D:6      | Found a staircase to the Ecumenical Temple.
  5347 | Temple   | Entered the Ecumenical Temple
  5509 | D:7      | Noticed Duvessa
  5510 | D:7      | Noticed Dowan
  5531 | D:7      | Killed Duvessa
  5556 | D:7      | Killed from afar by Dowan
  5557 | D:7      | Reached XP level 6. HP: -4/28 MP: 0/7
  5775 | D:7      | Reached skill level 14 in Stealth
  5775 | D:7      | Reached XP level 7. HP: 31/31 MP: 6/8
  5814 | D:7      | Paralysed by a wasp for 1 turns
  6018 | D:7      | Noticed Menkaure
  6034 | D:7      | Killed Menkaure
  6034 | D:7      | Reached skill level 15 in Stealth
  6160 | D:7      | Reached XP level 8. HP: 34/34 MP: 7/9
  6177 | D:7      | Slain by a killer bee

Vault maps used:
D:1:      matt_arrival_spirals
D:2:      grunt_temple_overflow_open, first_bread
D:3:      ecumenical_altar_1
D:4:      kennysheep_little_box, kennysheep_mini, serial_shops, shop_fountains,
          sigmund_edmund_badplayer
D:5:      nicolae_dithmenos_shadow_blocks
D:6:      kiku_gazebo_garden_becter, temple_doors_c, kennysheep_diamond
D:7:      uniq_duvessa, uniq_menkaure
Temple:   circular_temple_12

Action                   |  1- 3 |  4- 6 |  7- 9 || total
-------------------------+-------+-------+-------++-------
Melee: Unarmed           |   110 |    75 |   211 ||   396
Invok: Berserk           |     2 |     3 |     8 ||    13
       Trog's Hand       |     1 |       |    12 ||    13
Evoke: Wand              |       |       |     1 ||     1
  Use: Scroll            |       |     6 |     8 ||    14
       Potion            |       |       |     3 ||     3
 Stab: Sleeping          |     7 |     4 |    20 ||    31
  Eat: Chunk             |    10 |     5 |    11 ||    26
